Map: Amygdala

Players

HUNTERKILLER

  • Race: Zerg Zerg
  • League: Gold
  • Spawn Location: 7:00

GangusKaun - Winner!

  • Race: Protoss Protoss
  • League: Gold
  • Spawn Location: 1:00

VOD

Have the link to the VOD?

Description

Time

  • Played on: Dec. 4, 2024, 6:40 a.m.
  • Length: 22:32
Show
View Real Time Build Order
Export as new Build Order

HUNTERKILLER Zerg 

Build Orders: Hatch First 

Get SALT Encoding   

  12  0:01  Drone  
  13  0:12  Overlord  
  13  0:17  Drone  
  14  0:31  Drone x2  
  16  0:37  Drone  
  17  0:48  Drone  
  18  0:54  Hatchery  
  18  0:57  Drone  
  18  1:08  Drone  
  19  1:28  Spawning Pool  
  19  1:31  Extractor  
  17  1:41  Drone x3  
  20  1:53  Overlord  
  20  2:26  Zergling x6  
  20  2:27  Zergling x4  
  20  2:28  Queen  
  27  2:31  Queen  
  28  2:46  Metabolic Boost  
  28  2:54  Extractor, Drone, Roach Warren  
  28  2:55  Drone x4  
  31  3:00  Overlord  
  31  3:21  Drone x2  
  35  3:41  Roach  
  35  3:42  Roach x4  
  43  3:48  Overlord  
  43  3:49  Overlord  
  43  3:56  Drone  
  44  4:16  Drone x6  
  50  4:19  Lair  
  45  5:00  Roach x2  
  45  5:01  Roach  
  51  5:17  Extractor  
  50  5:23  Hydralisk Den  
  49  5:33  Ravager  
  49  5:34  Ravager  
  49  5:35  Ravager  
  52  5:51  Hatchery  
  51  6:00  Overlord x4  
  51  6:07  Drone  
  52  6:19  Hydralisk  
  52  6:20  Hydralisk x8  
  52  6:21  Hydralisk  
  73  6:32  Drone  
  73  6:33  Drone x4  
  73  6:37  Muscular Augments  
  77  6:41  Zergling x2  
  77  6:42  Zergling x6  
  81  7:03  Spire  
  80  7:16  Queen  
  80  7:17  Drone x2  
  80  7:21  Drone x4  
  88  7:36  Extractor  
  44  8:21  Roach  
  44  8:22  Roach x13  
  44  8:23  Hydralisk x4  
  80  8:37  Corruptor x2  
  84  8:53  Extractor, Drone x4  
  87  9:03  Zergling x2  
  87  9:04  Zergling x4  
  87  9:08  Overlord x3  
  90  9:15  Zerg Flyer Weapons Level 1  
  90  9:22  Infestation Pit  
  89  9:32  Evolution Chamber  
  89  9:38  Evolution Chamber  
  87  9:39  Drone x6  
  87  9:40  Drone x7  
  87  9:41  Drone x5  
  105  9:52  Corruptor x3  
  111  10:01  Zerg Ground Armor Level 1  
  111  10:04  Zerg Missile Weapons Level 1  
  111  10:14  Hive  
  111  10:18  Extractor  
  111  10:19  Grooved Spines  
  110  10:42  Hatchery  
  109  10:45  Overseer  
  109  10:51  Corruptor x2  
  109  10:54  Overlord x2  
  109  10:55  Overlord  
  113  11:16  Corruptor  
  113  11:17  Corruptor x7  
  129  11:53  Drone x2  
  129  11:54  Drone  
  132  11:57  Overlord x2  
  132  11:58  Overlord x3  
  132  12:02  Overseer x2  
  132  12:06  Zerg Missile Weapons Level 2  
  132  12:07  Zerg Ground Armor Level 2  
  132  12:10  Zerg Flyer Armor Level 1  
  132  12:18  Queen  
  132  12:20  Drone x3  
  137  12:24  Extractor  
  137  12:29  Viper x3  
  145  12:36  Ravager x2  
  147  12:41  Zergling x10  
  147  12:42  Zergling x22  
  147  12:43  Zergling x8  
  167  13:19  Baneling Nest  
  166  13:24  Adrenal Glands  
  166  13:57  Overlord x2  
  166  13:58  Overlord x3  
  166  14:04  Zerg Flyer Weapons Level 2  
  166  14:15  Baneling x5  
  166  14:16  Baneling x12  
  107  15:09  Roach  
  107  15:10  Roach x10  
  107  15:11  Roach x11  
  107  15:13  Zergling x16  
  107  15:14  Zergling x8  
  163  15:45  Baneling, Hatchery  
  163  15:46  Baneling x8  
  163  15:47  Baneling x13  
  163  15:48  Baneling x2  
  99  16:39  Corruptor  
  69  16:40  Corruptor x12  
  69  16:41  Corruptor x5  
  96  16:59  Queen  
  98  17:08  Roach x7  
  112  17:38  Ultralisk Cavern  
  111  18:03  Extractor x2  
  107  18:29  Greater Spire  
  107  18:30  Zerg Missile Weapons Level 3  
  107  18:31  Zerg Ground Armor Level 3  
  107  18:46  Chitinous Plating  
  107  18:50  Zergling x10  
  107  18:51  Zergling x2  
  107  18:54  Hatchery  
  112  19:04  Ultralisk  
  112  19:05  Ultralisk x2  
  130  19:31  Ultralisk x2  
  142  20:37  Drone, Spore Crawler  
  142  20:38  Drone x2  
  144  20:56  Hatchery  
  143  21:06  Spore Crawler  
Show
View Real Time Build Order
Export as new Build Order

GangusKaun Protoss - Winner!

Build Orders: 1 Gate Expand, Oracle Opening 

Get SALT Encoding   

  12  0:01  Probe  
  13  0:13  Probe  
  14  0:20  Pylon  
  14  0:26  Probe  
  15  0:42  Gateway  
  15  0:47  Probe  
  16  0:51  Assimilator  
  16  0:59  Probe  
  17  1:11  Probe  
  18  1:23  Probe  
  19  1:34  Nexus  
  19  1:35  Probe  
  20  1:48  Cybernetics Core  
  20  1:54  Probe  
  20  1:59  Assimilator  
  21  2:09  Gateway  
  21  2:24  Adept  
  24  2:44  Warp Gate  
  23  2:46  Probe, Pylon  
  24  2:54  Adept  
  24  2:58  Probe  
  27  3:06  Probe  
  28  3:12  Stargate  
  28  3:18  Probe x2  
  30  3:30  Probe  
  31  3:38  Probe  
  31  3:41  Stalker  
  32  3:42  Probe  
  35  3:57  Oracle  
  38  4:06  Adept  
  38  4:09  Probe x2  
  42  4:15  Nexus  
  42  4:21  Pylon  
  42  4:31  Pylon  
  38  5:06  Probe  
  40  5:07  Probe  
  40  5:11  Zealot x2  
  44  5:16  Pylon  
  44  5:19  Pylon  
  48  5:24  Void Ray, Gateway  
  48  5:29  Gateway x2  
  48  5:32  Shield Battery  
  48  5:35  Shield Battery  
  48  5:39  Gateway  
  48  5:45  Probe x2  
  48  5:47  Assimilator  
  48  5:48  Stalker x2  
  54  5:57  Probe x2  
  56  6:09  Probe  
  61  6:24  Void Ray  
  61  6:26  Twilight Council, Robotics Facility  
  61  6:29  Forge  
  61  6:31  Probe x2  
  61  6:32  Forge  
  63  6:33  Assimilator  
  63  6:36  Assimilator  
  63  6:43  Probe  
  63  6:44  Probe  
  65  6:51  Zealot x2  
  65  6:53  Zealot x2  
  65  6:54  Zealot x2  
  77  6:56  Probe x2  
  79  7:12  Pylon  
  79  7:13  Photon Cannon  
  79  7:16  Shield Battery, Protoss Ground Weapons Level 1  
  79  7:17  Probe x2  
  79  7:18  Protoss Shields Level 1  
  81  7:23  Probe  
  81  7:29  Probe  
  83  7:35  Probe  
  84  7:37  Protoss Air Weapons Level 1  
  84  7:41  Templar Archives  
  84  7:44  Shield Battery  
  84  7:48  Pylon  
  84  7:50  Shield Battery  
  68  8:00  Zealot x4  
  68  8:01  Zealot  
  80  8:27  Void Ray  
  80  8:32  Probe x2  
  82  8:50  Assimilator  
  82  8:53  Pylon  
  82  8:56  Stargate  
  82  9:01  Protoss Ground Armor Level 1  
  82  9:02  Fleet Beacon  
  82  9:03  Probe, Pylon x3  
  82  9:04  Probe x2  
  82  9:07  Protoss Ground Weapons Level 2  
  85  9:15  Probe  
  88  9:17  Probe x2  
  88  9:18  Gateway  
  88  9:19  Shield Battery  
  88  9:21  Photon Cannon  
  88  9:23  Photon Cannon  
  88  9:26  Photon Cannon  
  88  9:35  High Templar x6  
  100  9:41  Archon x2  
  100  9:42  Archon  
  100  10:12  Zealot x3  
  100  10:13  Zealot x4  
  114  10:14  Charge  
  114  10:21  Immortal  
  118  10:36  Stargate  
  118  10:37  Cybernetics Core  
  118  10:40  Pylon  
  118  10:43  Pylon  
  118  10:55  Robotics Bay  
  118  10:59  Observer  
  119  11:17  Phoenix  
  117  11:19  Psionic Storm  
  117  11:26  Tempest x2  
  125  11:41  Tempest  
  125  11:43  Photon Cannon x2  
  125  11:44  Shield Battery  
  125  11:45  Photon Cannon  
  129  11:52  Zealot x3  
  135  11:54  High Templar x2  
  139  12:08  Probe x2  
  141  12:19  Immortal  
  141  12:28  Nexus  
  141  12:29  Pylon x2  
  145  12:33  Pylon  
  145  12:34  Carrier  
  151  12:42  Zealot x3  
  157  12:57  Colossus  
  163  13:02  Unknown, Protoss Air Weapons Level 2  
  163  13:05  Assimilator  
  163  13:08  Assimilator  
  163  13:11  Probe x2  
  163  13:12  Probe  
  166  13:17  Gateway  
  166  13:19  Gateway  
  166  13:20  Zealot x3  
  166  13:21  Zealot x4  
  166  13:23  Probe, Gateway  
  181  13:39  Carrier x2  
  193  13:45  Pylon  
  193  13:48  Pylon  
  193  13:50  Pylon  
  193  13:53  Pylon  
  193  13:55  Pylon  
  193  14:04  Carrier  
  187  14:44  Photon Cannon  
  137  14:47  Photon Cannon  
  137  14:50  Pylon  
  137  14:51  Pylon  
  113  14:55  Colossus  
  115  15:08  Zealot x2  
  115  15:09  Zealot x2  
  115  15:10  Zealot x3  
  129  15:22  Photon Cannon  
  129  15:23  Photon Cannon  
  129  15:25  Photon Cannon  
  129  15:28  Shield Battery x2  
  129  15:29  High Templar  
  129  15:30  Shield Battery, High Templar x4  
  129  15:31  High Templar x2  
  129  15:32  Shield Battery  
  143  15:38  Archon x2  
  143  15:39  Archon  
  155  15:43  Void Ray x2  
  155  15:44  Void Ray  
  155  15:49  Immortal  
  159  16:05  Flux Vanes  
  159  16:08  Extended Thermal Lance  
  159  16:14  Oracle  
  159  16:19  Void Ray  
  108  17:00  Nexus  
  108  17:04  Colossus  
  114  17:16  Robotics Facility  
  114  17:25  Zealot x3  
  114  17:26  Zealot x4  
  114  17:29  Pylon  
  128  17:30  Pylon  
  128  17:31  Pylon  
  128  17:58  Immortal  
  108  18:12  Stalker x5  
  124  18:13  Stalker x2  
  124  18:15  Void Ray x2  
  124  18:16  Void Ray  
  130  18:21  Photon Cannon  
  130  18:23  Photon Cannon  
  130  18:26  Photon Cannon  
  130  18:28  Photon Cannon  
  130  18:30  Shield Battery  
  130  18:32  Shield Battery  
  130  18:35  Pylon  
  130  18:37  Pylon  
  130  18:43  Immortal  
  130  18:46  Observer  
  139  18:58  Void Ray  
  139  19:01  Stalker  
  139  19:02  Stalker  
  143  19:05  High Templar x4  
  143  19:06  High Templar  
  143  19:09  Archon  
  153  19:10  Archon  
  153  19:36  Shield Battery  
  153  19:38  Shield Battery  
  153  19:41  Shield Battery  
  153  19:44  Shield Battery  
  157  19:49  Photon Cannon  
  157  19:50  Photon Cannon  
  157  19:51  Void Ray  
  157  19:54  Photon Cannon  
  157  19:55  Mothership  
  157  19:59  Assimilator  
  165  20:00  Assimilator  
  165  20:06  Gateway x2  
  165  20:31  Carrier  
  179  20:36  Void Ray x2  
  179  20:40  Zealot  
  181  21:13  Carrier  
Tags
 
Add a new tag
Caveats
  • Supply blocks, unpowered buildings, or Contaminate may cause inaccurate times.
  • Supply counts are checked every 10 seconds.